AoeStats
← bleakshadow

African Clearing

504738884Analyzed
4v4 RM · 27d ago on Sep 6, 2026· 47m 35s· 8 players
Game mode
Random Map
Map size
Large (8 player)
Population
200
Speed
Normal
Resources
Standard
Victory
Conquest
Starting age
Dark Age
Ending age
Imperial Age
RankedLock teamsTeams togetherTeam positionsShared explorationLock speedFull tech treeHidden civsTurbo modeCheats
Victory
Defeat
🇷🇺 Berbers · Russia
1449
+14
🇺🇸 Mongols · United States
1396
+16
🇵🇱 Koreans · Poland
1389
+16
🇵🇱 Persians · Poland
1370
+17
🇭🇰 Vietnamese · Hong Kong SAR China
1402
-16
🇨🇳 Mapuche · China
1401
-16
🇨🇳 Malay · China
1400
-16
🇨🇳 Magyars · China
1385
-15
DUDA
11:28 Feudal Age
12:38 Double-Bit Axe
20:34 Castle Age
21:14 Fletching
21:46 Bow Saw
21:48 Husbandry
22:32 Padded Archer Armor
24:34 Gold Mining
24:45 Bodkin Arrow
26:02 Bloodlines
28:31 Town Watch
28:55 Padded Archer Armor
30:05 Ballistics
29:54 Horse Collar
34:12 Wheelbarrow
37:22 Gold Shaft Mining
37:28 Scale Barding Armor
43:09 Imperial Age
40:52 Stone Mining
42:15 Hand Cart
44:08 Thumb Ring
44:06 Bracer
44:17 Forging
45:20 Parthian Tactics
46:12 Stone Shaft Mining
45:10 Heavy Camel Rider
48:15 Drill
47:17 Capped Ram
48:04 Heavy Plow
Arbuz
10:50 Loom
13:12 Feudal Age
15:11 Double-Bit Axe
18:19 Castle Age
16:09 Horse Collar
19:23 Bow Saw
19:16 Heavy Plow
19:16 Stone Mining
19:56 Gold Mining
20:29 Fletching
23:35 Stone Shaft Mining
23:36 Gold Shaft Mining
23:00 Bodkin Arrow
26:42 Wheelbarrow
32:24 Imperial Age
31:37 Ballistics
34:34 Chemistry
33:46 Bracer
35:00 Conscription
35:23 Scale Mail Armor
36:13 Murder Holes
37:03 Hand Cart
37:53 Two-Man Saw
37:19 Squires
38:20 Arrowslits
38:51 Forging
38:28 Pikeman
40:03 Chain Mail Armor
41:12 Halberdier
42:36 Plate Mail Armor
43:50 Iron Casting
44:02 Elite War Wagon
44:52 Arson
46:27 Thumb Ring
SiraZaika
4:43 Loom
12:51 Feudal Age
13:41 Town Watch
17:04 Castle Age
15:08 Double-Bit Axe
16:18 Bloodlines
16:37 Scale Barding Armor
20:23 Forging
23:28 Chain Barding Armor
26:29 Wheelbarrow
26:11 Husbandry
26:47 Fletching
30:28 Hand Cart
36:43 Bow Saw
40:34 Imperial Age
39:28 Iron Casting
39:26 Ballistics
39:17 Gold Mining
39:17 Stone Mining
42:31 Plate Barding Armor
42:57 Blast Furnace
42:09 Cavalier
43:00 Bodkin Arrow
43:10 Padded Archer Armor
45:30 Bracer
45:53 Conscription
47:02 Chemistry
46:30 Leather Archer Armor
46:23 Horse Collar
47:20 Gold Shaft Mining
46:35 Stone Mining
47:41 Heavy Plow
Czotyn
3:38 Loom
14:05 Feudal Age
18:19 Castle Age
16:55 Double-Bit Axe
19:56 Bloodlines
19:46 Husbandry
24:15 Forging
24:12 Scale Barding Armor
29:42 Iron Casting
39:18 Bow Saw
38:50 Horse Collar
40:59 Wheelbarrow
41:45 Chain Barding Armor
46:31 Imperial Age
46:49 Cavalier
noobwin7
13:18 Feudal Age
17:51 Castle Age
15:46 Double-Bit Axe
17:53 Bow Saw
18:00 Loom
18:50 Wheelbarrow
24:02 Pikeman
24:43 Squires
26:02 Arson
27:38 Fishing Lines
28:48 Forging
34:30 Imperial Age
33:34 Gillnets
34:21 Iron Casting
33:17 Halberdier
33:47 Capped Ram
36:35 Blast Furnace
36:26 Conscription
38:35 Siege Engineers
39:18 Man-at-Arms
40:05 Long Swordsman
40:38 Horse Collar
41:45 Thalassocracy
41:38 Fletching
41:30 Two-Handed Swordsman
45:04 Bodkin Arrow
46:16 Hand Cart
46:36 Elite Karambit Warrior
江哥
10:40 Loom
12:25 Feudal Age
15:11 Double-Bit Axe
18:30 Castle Age
17:15 Gold Mining
17:49 Fletching
18:50 Padded Archer Armor
25:18 Bodkin Arrow
28:04 Leather Archer Armor
28:56 Ballistics
31:36 Wheelbarrow
38:46 Bow Saw
38:17 Horse Collar
41:37 Horse Collar
42:33 Gold Shaft Mining
42:58 Malon
47:15 Imperial Age
45:01 Hand Cart
44:31 Town Watch
45:45 Heavy Plow
45:36 Stone Mining
48:07 Stone Shaft Mining
47:18 Elite Bolas Rider
48:29 Ring Archer Armor
49:00 Chemistry
bleakshadow
8:45 Loom
12:46 Feudal Age
14:29 Town Watch
15:50 Double-Bit Axe
16:46 Scale Barding Armor
20:41 Horse Collar
26:06 Castle Age
25:45 Bloodlines
26:03 Stone Mining
26:03 Gold Mining
26:31 Fletching
27:50 Padded Archer Armor
29:37 Bow Saw
31:47 Bodkin Arrow
32:58 Leather Archer Armor
33:40 Ballistics
33:27 Husbandry
36:07 Wheelbarrow
屌炸天
14:45 Feudal Age
13:03 Loom
17:24 Bloodlines
19:28 Forging
23:53 Castle Age
23:20 Scale Barding Armor
24:13 Double-Bit Axe
24:40 Husbandry
29:54 Chain Barding Armor
36:30 Horse Collar
40:50 Iron Casting
41:04 Bow Saw
43:56 Fletching
47:36 Bodkin Arrow
Connection lost

Rejoining the realm…

Still unreachable

The connection could not be restored.

Session expired

The server has moved on; the page needs a fresh start.